 Dungeon Crawl Stone Soup version 0.29-a0-1033-gb6c65ffae6 (webtiles) character file.

Game seed: 7330845357234579012

46608 drugrobin the Severer (level 13, -2/114 HPs)
             Began as a Demigod Delver on Aug 14, 2022.
             Slain by a death yak (25 damage)
             ... on level 4 of the Lair of Beasts.
             The game lasted 01:12:40 (28484 turns).

drugrobin the Severer (Demigod Delver)             Turns: 28484, Time: 01:12:40

Health: -2/114     AC:  6    Str: 21    XL:     13   Next: 67%
Magic:  0/28       EV: 19    Int: 30    God:
Gold:   789        SH:  0    Dex: 15    Spells: 12/26 levels left

rFire   . . .      SeeInvis .   a - +1 broad axe (flame)
rCold   . . .      Faith    .   (no shield)
rNeg    . . .      Spirit   +   A - +1 robe of Ivisic {Regen+ Int+4 Slay+2}
rPois   .          Reflect  .   y - +0 hat {Will+}
rElec   .          Harm     .   C - +0 cloak {rCorr}
rCorr   +          Rampage  .   N - +0 pair of gloves
Will    ++...                   t - +0 pair of boots
Stlth   +++.......              T - amulet of guardian spirit
HPRegen 1.09/turn               p - +6 ring of intelligence
MPRegen 0.21/turn               M - +4 ring of evasion

@: no status effects
A: high MP 1, forlorn, divine attributes
a: no special abilities


You were on level 4 of the Lair of Beasts.
You visited 4 branches of the dungeon, and saw 18 of its levels.
You also visited: Sewer and Ossuary.

You collected 1883 gold pieces.
You spent 1094 gold pieces at shops.

Inventory:

Hand Weapons
 a - a +1 broad axe of flaming (weapon)
 b - a +1 shortbow of freezing
 c - a +0 war axe of venom
Missiles
 h - 34 poisoned darts
 w - 7 boomerangs (quivered)
Armour
 t - a +0 pair of boots (worn)
 y - a +0 hat of willpower (worn)
 A - the +1 robe of Ivisic (worn) {Regen+ Int+4 Slay+2}
   (You bought it in a shop on level 2 of the Orcish Mines)

   Int:       It affects your intelligence (+4).
   Slay:      It affects your accuracy & damage with ranged weapons and melee
   (+2).
   Regen:     It increases your rate of health regeneration.
 C - a +0 cloak of preservation (worn)
 N - a +0 pair of gloves (worn)
Jewellery
 p - a +6 ring of intelligence (left hand)
 I - a ring of resist corrosion
 M - a +4 ring of evasion (right hand)
 R - a ring of protection from cold
 T - an amulet of guardian spirit (around neck)
Wands
 g - a wand of digging (9)
 r - a wand of roots (12)
 v - a wand of mindburst (7)
 J - a wand of flame (39)
 K - a wand of paralysis (2)
Scrolls
 e - 5 scrolls of fog
 f - 9 scrolls of teleportation
 j - 5 scrolls of immolation
 n - a scroll of enchant weapon
 s - 2 scrolls of vulnerability
 x - 4 scrolls of identify
 D - a scroll of amnesia
 H - 2 scrolls of magic mapping
 L - a scroll of silence
 O - a scroll of enchant armour
 P - 3 scrolls of poison
 Q - a scroll of torment
Potions
 i - 4 potions of might
 k - 2 potions of cancellation
 l - 2 potions of haste
 o - 4 potions of berserk rage
 q - 13 potions of curing
 u - 4 potions of lignification
 z - 6 potions of flight
 B - a potion of invisibility
 E - 3 potions of attraction
 F - 2 potions of ambrosia
 G - a potion of brilliance


   Skills:
 + Level 10.5 Fighting
 * Level 15.1 Axes
 + Level 7.1 Dodging
 - Level 4.5 Stealth
 + Level 7.3 Spellcasting
 - Level 8.0 Ice Magic
 - Level 3.9 Evocations


You had 12 spell levels left.
You knew the following spells:

 Your Spells              Type           Power      Damage    Failure   Level
a - Frozen Ramparts       Ice            100%       1d16      1%          3
b - Conjure Flame         Conj/Fire      11%        6-21      14%         3
c - Summon Ice Beast      Ice/Summ       35%        N/A       9%          4
d - Ice Form              Ice/Tmut       35%        N/A       9%          4

Your spell library contained the following spells:

 Spells                   Type           Power      Damage    Failure   Level
 Shock                    Conj/Air       44%        1d5       4%          1
 Ignite Poison            Fire/Tmut/Pois 11%        N/A       14%         3
 Portal Projectile        Hex/Tloc       22%        N/A       14%         3
 Swiftness                Air            11%        N/A       14%         3
 Tukima's Dance           Hex            11%        N/A       14%         3
 Airstrike                Air            5%         2d(1-17)  41%         4
 Animate Armour           Summ/Erth      22%        N/A       41%         4
 Sticky Flame             Conj/Fire      11%        2d3       41%         4
 Blade Hands              Tmut           5%         N/A       77%         5
 Iron Shot                Conj/Erth      5%         9d2       100%        6


Dungeon Overview and Level Annotations

Branches:
Dungeon (11/15)            Temple (1/1) D:4            Lair (4/5) D:11
  Swamp (0/4) Lair:2        Snake (0/4) Lair:2          Orc (2/2) D:9
    Elf (0/3) Orc:2         Sewer (visited)         Ossuary (visited)
  Slime: Lair:4-5

Shops:
D:5 **=(!   D:6 ?   D:7 :   D:9 ?   Orc:1 !   Orc:2 *::[

Annotations:
D:4 2 transporters, hito's ghost, amateur FoAM
D:9 exclusion: vampire
D:11 3 runed translucent doors, Erolcha; porpoise's ghost, journeyman DrTm
Orc:2 3 runed translucent doors, Sobieck's ghost, adept VSBr


Innate Abilities, Weirdness & Mutations

You have an increased reservoir of magic. (+10% MP)
You shall have no god before yourself.
Your divine heritage dramatically boosts your attributes as you level up.


Message History

* * * LOW HITPOINT WARNING * * *
Unknown command.
You feel much better. The death yak closely misses you.
Unknown command.
Unknown command.
You hit the death yak.
The death yak is heavily wounded.
Unknown command.
Unknown command.
Unknown command.
Unknown command.
You hit the death yak but do no damage.
The death yak is poisoned.
The death yak is heavily wounded.
The death yak completely misses you.
Unknown command.
Unknown command.
Unknown command.
You barely miss the death yak.
The death yak is severely wounded.
The death yak misses you.
Unknown command.
Unknown command.
You slash the death yak!
The death yak looks even sicker.
The death yak is severely wounded.
Unknown command.
Unknown command.
You hit the death yak but do no damage.
The death yak looks as sick as possible!
The death yak is severely wounded.
The death yak gores you!
* * * LOW HITPOINT WARNING * * *
Unknown command.
Unknown command.
Unknown command.
Unknown command.
Your +0 war axe of venom stops dripping with poison.
Your +1 broad axe of flaming bursts into flame!
a - a +1 broad axe of flaming (weapon)
The death yak gores you!!
You die...

............# #............ ..
.........# #............ #..
#.#.#...# #............
.....##.##...## #............
YYY...Y#.##...### #............
.......#........## ##............
.................###.......>....†
...............Y###..............
.#.#...........†@................
.#.............†#................
.#................#.#..........÷.
#.#....#..............#..........
###..................##..........
##.............................
###...........>....#..........
###........##.##.##.#.....P#
#.######.#.######.#.#...##


You could see a death yak (extremely poisoned).

Vanquished Creatures
  Gastronok (Lair:2)
  An ettin (D:9)
  A boulder beetle (Orc:1)
  7 hydras
  2 two-headed ogres (D:10)
  7 death yaks
  3 orc high priests (Orc:2)
  Nergalle (Lair:2)
  Amaemon (Lair:3)
  4 orc knights
  6 orc sorcerers
  A manticore (D:11)
  Maurice (Orc:2)
  2 black mambas
  6 cane toads
  An orange demon (Lair:3)
  2 rime drakes
  11 komodo dragons
  6 trolls
  3 nameless horrors
  A polar bear (Lair:3)
  14 blink frogs
  2 shadows
  34 yaks
  3 wyverns
  4 basilisks
  5 wargs
  2 swamp worms (Lair:2)
  2 nagas (Lair:2)
  11 water moccasins
  An ice beast (D:7)
  15 orc warriors
  A sky beast (D:7)
  3 black bears
  6 ogres
  3 centaurs
  11 wolves
  4 kobold brigands
  10 bullfrogs
  A necrophage (D:6)
  A gnoll sergeant (D:9)
  3 scorpions
  9 wights
  5 killer bees (D:9)
  3 howler monkeys (D:9)
  An electric eel (Lair:2)
  A jelly (D:3)
  13 orc priests
  A hound (D:4)
  A gnoll bouda (D:6)
  2 iguanas
  Natasha (thrice) (D:4)
  24 orc wizards
  2 hell rats (D:11)
  8 mummies (Ossuary)
  12 gnolls
  5 river rats
  15 adders
  2 shadow imps (D:6)
  2 white imps
  2 ufetubi
  2 worms
  39 orcs
  9 ball pythons
  7 bats
  12 endoplasms
  4 giant cockroaches
  11 goblins
  5 hobgoblins
  2 jackals (D:1)
  32 kobolds
  7 quokkas
  2 frilled lizards
  2 hobgoblin zombies (Ossuary)
  3 kobold zombies (Ossuary)
  3 orc zombies (Ossuary)
  25 rats
480 creatures vanquished.

Vanquished Creatures (collateral kills)
  A hydra (Lair:2)
  2 blink frogs (Lair:3)
  A wyvern (Lair:2)
  2 yaks
  A naga (Lair:2)
  An orc warrior (Orc:2)
  An orc priest (Orc:2)
  2 orcs
11 creatures vanquished.

Vanquished Creatures (others)
  13 fungi
  18 plants
31 creatures vanquished.

Grand Total: 522 creatures vanquished

Notes
Turn   | Place    | Note
-------+----------+-------------------------------------------
     0 | D:5      | drugrobin the Demigod Delver began the quest for the Orb.
     0 | D:5      | Reached XP level 1. HP: 18/18 MP: 3/3
    73 | D:5      | Found Pyigaifu's Antique Weapon Boutique.
    93 | D:5      | Noticed an orc wizard
    93 | D:5      | Noticed an orc wizard
   165 | D:5      | Noticed an ogre
   172 | D:4      | Found a staircase to the Ecumenical Temple.
   190 | Temple   | Entered the Ecumenical Temple
   471 | D:5      | Found Xeihicva's Distillery.
   547 | D:4      | Noticed Natasha
   756 | D:4      | Noticed a scorpion
   786 | D:4      | Reached skill level 2 in Axes
   851 | D:4      | Noticed a jelly
   953 | D:3      | Found a glowing drain.
   958 | D:3      | Reached skill level 1 in Evocations
   958 | D:3      | Reached XP level 2. HP: 25/25 MP: 4/4
  1007 | D:3      | Reached XP level 3. HP: 16/30 MP: 5/5
  1012 | Sewer    | Entered a sewer
  1519 | Sewer    | Reached skill level 3 in Axes
  1878 | Sewer    | Reached XP level 4. HP: 33/37 MP: 6/6
  2288 | Sewer    | Noticed a kobold brigand
  2290 | Sewer    | Noticed a kobold brigand
  2298 | Sewer    | Killed a kobold brigand
  2299 | Sewer    | Reached skill level 4 in Axes
  2299 | Sewer    | Reached XP level 5. HP: 42/42 MP: 7/7
  2315 | Sewer    | Reached skill level 5 in Axes
  3367 | D:3      | Noticed an ogre
  3859 | D:2      | Learned a level 3 spell: Frozen Ramparts
  3901 | D:2      | Reached XP level 6. HP: 44/50 MP: 8/8
  5597 | D:3      | Reached skill level 6 in Axes
  5862 | D:3      | Reached skill level 1 in Ice Magic
  6220 | D:4      | Reached XP level 7. HP: 45/57 MP: 9/9
  6223 | D:4      | Killed Natasha
  6427 | D:3      | Reached skill level 7 in Axes
  6638 | D:4      | Found a transporter.
  6662 | D:4      | Found a transporter.
  6664 | D:4      | Noticed hito's ghost (amateur FoAM)
  6833 | D:4      | Noticed Natasha
  6847 | D:4      | Killed Natasha
  6901 | D:4      | Noticed Natasha
  6904 | D:4      | Killed Natasha
  7326 | D:5      | Bought a potion of curing for 39 gold pieces
  7326 | D:5      | Bought a potion of lignification for 39 gold pieces
  7326 | D:5      | Bought a potion of heal wounds for 65 gold pieces
  7525 | D:5      | Found Ebriass's Assorted Antiques.
  7593 | D:5      | Found Maravoasch's General Store.
  7599 | D:5      | Bought a sedimented brown potion for 24 gold pieces
  7610 | D:5      | Bought a scroll of teleportation for 45 gold pieces
  7631 | D:5      | Found Bekiumij's Jewellery Shop.
  7673 | D:5      | Reached XP level 8. HP: 66/66 MP: 10/10
  8253 | D:6      | Reached skill level 8 in Axes
  9001 | D:6      | Reached skill level 5 in Fighting
  9081 | D:6      | Found Taick's Magic Scroll Boutique.
  9084 | D:6      | Bought a scroll of identify for 28 gold pieces
  9084 | D:6      | Bought a scroll of noise for 14 gold pieces
  9365 | D:7      | Found a sand-covered staircase.
  9386 | Ossuary  | Entered an ossuary
  9953 | D:7      | Reached skill level 9 in Axes
  9956 | D:7      | Reached XP level 9. HP: 63/74 MP: 11/11
 10394 | D:7      | Found Suess's Vocational Training.
 11008 | D:8      | Reached skill level 5 in Ice Magic
 11510 | D:8      | Reached skill level 10 in Axes
 12334 | D:9      | Learned a level 3 spell: Conjure Flame
 12743 | D:9      | Found a transporter.
 12757 | D:9      | Found Ymefema's Magic Scroll Shoppe.
 12761 | D:9      | Bought a scroll of blinking for 90 gold pieces
 12761 | D:9      | Bought a scroll of immolation for 48 gold pieces
 12761 | D:9      | Bought a scroll of poison for 48 gold pieces
 12761 | D:9      | Bought a scroll of torment for 114 gold pieces
 12761 | D:9      | Bought a scroll of vulnerability for 48 gold pieces
 12851 | D:9      | Found a transporter.
 12919 | D:9      | Found a staircase to the Orcish Mines.
 13131 | D:9      | Reached XP level 10. HP: 64/84 MP: 12/14
 13307 | D:9      | Reached skill level 1 in Spellcasting
 13666 | Orc:1    | Entered Level 1 of the Orcish Mines
 14061 | Orc:1    | Noticed an ettin
 14300 | D:10     | Entered Level 10 of the Dungeon
 14328 | D:9      | HP: 1/84 [something (18)]
 14603 | D:10     | Noticed a two-headed ogre
 14809 | D:10     | Killed a two-headed ogre
 15044 | D:9      | Reached skill level 11 in Axes
 16094 | D:10     | Noticed a two-headed ogre
 16135 | D:10     | Killed a two-headed ogre
 16304 | D:11     | Noticed a manticore
 16323 | D:11     | Killed a manticore
 16365 | D:11     | Identified the +2 short sword of the Assorted Runes {spect,
                  | *Rage Fly rElec rCorr}
 16379 | D:11     | Noticed Erolcha
 16440 | D:11     | Learned a level 4 spell: Summon Ice Beast
 16472 | D:11     | Found a runed translucent gate.
 16472 | D:11     | Found a runed translucent gate.
 16473 | D:11     | Found a runed translucent gate.
 16475 | D:11     | Noticed porpoise's ghost (journeyman DrTm)
 16487 | D:11     | Noticed a death yak
 16546 | D:11     | Killed a death yak
 16673 | D:11     | Noticed a death yak
 16673 | D:11     | Noticed a death yak
 16767 | D:11     | Found a staircase to the Lair.
 16929 | D:11     | Reached XP level 11. HP: 73/89 MP: 14/19
 17360 | D:10     | Killed a death yak
 17506 | D:11     | Killed a death yak
 17868 | Lair:1   | Entered Level 1 of the Lair of Beasts
 17884 | Lair:1   | Learned a level 4 spell: Ice Form
 17997 | Lair:1   | Reached skill level 12 in Axes
 18101 | Lair:1   | Noticed a seven-headed hydra
 18121 | Lair:1   | Killed a seven-headed hydra
 19425 | Lair:2   | Noticed Nergalle
 19429 | Lair:2   | Noticed Gastronok
 19447 | Lair:2   | Killed Nergalle
 20256 | Orc:1    | Noticed an orc warlord
 20392 | D:9      | Killed an ettin
 20770 | D:9      | HP: 4/95 [orc warrior/+0 flail of protection[an orc
                  | warlord] (13)]
 20976 | D:9      | Paralysed by an orc sorcerer for 3 turns
 21179 | Orc:1    | Noticed a boulder beetle
 21255 | Orc:1    | Killed a boulder beetle
 21425 | Orc:2    | Entered Level 2 of the Orcish Mines
 21462 | Orc:1    | Reached XP level 12. HP: 57/103 MP: 12/23
 21517 | Orc:2    | Found a staircase to the Elven Halls.
 21836 | Orc:2    | Found a runed translucent gate.
 21836 | Orc:2    | Found a runed translucent gate.
 21836 | Orc:2    | Found a runed translucent gate.
 21838 | Orc:2    | Noticed a two-headed ogre
 21840 | Orc:2    | Noticed Sobieck's ghost (adept VSBr)
 22189 | Orc:2    | Reached skill level 5 in Spellcasting
 22281 | Orc:2    | Noticed Maurice
 22296 | Orc:2    | Killed Maurice
 22297 | Orc:2    | Reached skill level 13 in Axes
 22322 | Orc:1    | Found Qogru's Distillery.
 22954 | Orc:2    | HP: 4/103 [orc knight/+3 war axe (27)]
 23101 | Orc:2    | Paralysed by an orc sorcerer for 5 turns
 23387 | Orc:2    | Paralysed by an orc sorcerer for 3 turns
 23685 | Orc:2    | Reached skill level 5 in Dodging
 24199 | Orc:2    | Found Fiuthamn's Armour Shop.
 24214 | Orc:2    | Found Biumeama's Book Shoppe.
 24217 | Orc:2    | Bought the +1 robe of Ivisic {Regen+ Int+4 Slay+2} for 354
                  | gold pieces
 24217 | Orc:2    | Bought a +0 cloak of preservation for 138 gold pieces
 24241 | Orc:2    | Found Daseos's Book Shoppe.
 24243 | Orc:2    | Found Adghag's Assorted Antiques.
 24561 | Lair:2   | Noticed an eight-headed hydra
 24575 | Lair:2   | Killed a one-headed hydra
 24888 | Lair:2   | Killed Gastronok
 25011 | Lair:2   | Noticed an eight-headed hydra
 25055 | Lair:2   | Killed a five-headed hydra
 25056 | Lair:2   | Reached skill level 14 in Axes
 25421 | Lair:2   | Noticed a four-headed hydra
 25429 | Lair:2   | Killed a two-headed hydra
 25542 | Lair:2   | Noticed a five-headed hydra
 25550 | Lair:2   | Killed a three-headed hydra
 25551 | Lair:2   | Reached XP level 13. HP: 100/112 MP: 19/26
 25888 | Lair:2   | Found a staircase to the Snake Pit.
 26203 | Lair:2   | Found a staircase to the Swamp.
 26212 | Lair:2   | HP: 3/113 [four-headed hydra (3)]
 26873 | Lair:3   | Reached skill level 10 in Fighting
 27010 | Lair:3   | Noticed Amaemon
 27051 | Lair:3   | Killed Amaemon
 28102 | Lair:4   | Reached skill level 15 in Axes
 28484 | Lair:4   | Slain by a death yak

Illustrated notes

Levels and vault maps discovered:
D:1:      psy_arrival_statuary, layout_loops_ring, serial_forest,
          infiniplex_forest_lined_3_way, infiniplex_forest_end_double,
          infiniplex_forest_clump_double, infiniplex_forest_clump_tiny,
          infiniplex_forest_straight_1, infiniplex_forest_lined_3,
          infiniplex_forest_lined_room_, hellmonk_ecumenical_altar_run_dry,
          hangedman_feature_mirror
D:2:      layout_loops_corners, minmay_misc_feat_room, kennysheep_path_1
D:3:      layout_loops_cross, mainiacjoe_overflow_cross_hatched,
          gup_sewer_entry_glass, kennysheep_generic_room_3
D:4:      layout_basic, general_overflow_altar, bloody_makhleb,
          temple_fountains, gammafunk_ghost_mausoleum, minmay_ruptured,
          uniq_natasha
D:5:      layout_basic, elyvilon_altar_3, serial_shops, shop,
          nicolae_shop_overgrown_old_shop, nicolae_shop_window_shopping,
          nicolae_shop_behind_doors, shop, chequers_arboretum
D:6:      layout_basic, grunt_temple_overflow_open, serial_shops,
          kennysheep_mini
D:7:      layout_basic, ashenzari_conservatory_becter, vehumet_altar_wand_db,
          nicolae_ossuary_entry_plus, nicolae_shop_vocational
D:8:      layout_basic
D:9:      gammafunk_beogh_shrine, layout_stronghold,
          riverfiend_overflow_shadow_ancestor, serial_shops, shop
D:10:     layout_cave_pools, amcnicky_mini_corridor_feature,
          grunt_decor_fettered, grunt_decor_mini_mirrors
D:11:     layout_stronghold, dpeg_lair_monsters, gammafunk_ghost_nasty_kobolds,
          uniq_erolcha
Temple:   hellmonk_temple_flake
Lair:1:   layout_gridlike, serial_bayou_shore_a
Lair:2:   nzn_winding_woodlands_small [nzn_winding_woodlands_5x15_sawtooth,
          nzn_winding_woodlands_center_triple_pond,
          nzn_winding_woodlands_5x15_eye], layout_gridlike,
          palyth_hydra_swamp_entry, guppyfry_snake_entry_garden, uniq_gastronok,
          uniq_nergalle
Lair:3:   layout_chaotic_city, infiniplex_staircase_pool, uniq_amaemon
Lair:4:   layout_gridlike, serial_bayou_shore_b
Orc:1:    layout_caves, serial_shops, shop, rock_pile, uniq_erica
Orc:2:    st_orc_elflike, layout_caves, ebering_ghost_gozag, uniq_maurice

Skill      XL: |  1  2  3  4  5  6  7  8  9 10 11 12 13 |
---------------+----------------------------------------+-----
Axes           | 2 3 4 5 6 7 9 10 11 12 14 15 | 15.1
Evocations     | 1 2 3 |  3.9
Ice Magic      | 1 3 4 5 6 8 |  8.0
Fighting       | 3 4 5 6 7 8 9 10 | 10.5
Spellcasting   | 3 4 6 7 |  7.3
Dodging        | 3 5 7 |  7.1
Stealth        | |  4.5

Action                   |  1- 3 |  4- 6 |  7- 9 | 10-12 | 13-15 || total
-------------------------+-------+-------+-------+-------+-------++-------
Melee: Hand axe          |    83 |   150 |       |       |       ||   233
       Punch             |       |     4 |     5 |     9 |     3 ||    21
       Mace              |       |   122 |       |    30 |       ||   152
       War axe           |       |    16 |   352 |   495 |    14 ||   877
       Unarmed           |       |       |       |    51 |       ||    51
       Broad axe         |       |       |       |   149 |   186 ||   335
 Fire: Shortbow          |       |       |   102 |    28 |       ||   130
Throw: Stone             |     5 |     4 |       |       |       ||     9
       Dart              |       |     1 |     1 |    48 |       ||    50
       Boomerang         |       |     2 |    25 |    37 |    10 ||    74
       Throwing net      |       |       |       |       |     1 ||     1
 Cast: Frozen Ramparts   |       |     1 |     4 |     6 |    21 ||    32
       Summon Ice Beast  |       |       |       |    21 |    15 ||    36
       Ice Form          |       |       |       |     9 |       ||     9
Evoke: Wand              |    11 |     3 |     3 |    21 |       ||    38
  Use: Potion            |     1 |       |     2 |     3 |     4 ||    10
       Scroll            |     1 |       |     3 |    17 |     2 ||    23
 Stab: Paralysed         |    10 |     6 |       |     5 |       ||    21
       Sleeping          |     1 |     3 |     2 |     2 |       ||     8
       Distracted        |       |       |     1 |     2 |     3 ||     6
Armor: Leather armour    |    19 |    51 |   123 |    33 |       ||   226
       Chain mail        |       |    68 |       |       |       ||    68
       Troll leather arm |       |       |       |    72 |       ||    72
       Skin              |       |       |       |     7 |       ||     7
       Robe              |       |       |       |    12 |    12 ||    24
Dodge: Dodged            |    49 |   139 |   247 |   539 |   153 ||  1127

Table legend: (Time is in decaauts)
 A = Elapsed time spent in this place.
 B = Non-inter-level travel time spent in this place.
 C = Inter-level travel time spent in this place.
 D = Time resting spent in this place.
 E = Time spent auto-exploring this place.
 F = Levels seen in this place.
 G = Mean time per level.
                   A        B        C        D        E       F      G
               +--------+--------+--------+--------+--------+-----+--------+
         Total |  28544 |  27068 |   1476 |   6406 |  13407 |  20 | 1427.2 |
       Dungeon |  16391 |  15234 |   1157 |   2904 |   8398 |  11 | 1490.1 |
        Temple |    266 |    263 |      3 |    194 |     59 |   1 |  266.0 |
          Lair |   5657 |   5425 |    232 |   1090 |   2965 |   4 | 1414.2 |
  Orcish Mines |   3875 |   3792 |     83 |   1081 |   1430 |   2 | 1937.5 |
         Sewer |   2018 |   2018 |      0 |   1136 |    383 |   1 | 2018.0 |
       Ossuary |    335 |    335 |      0 |      0 |    172 |   1 |  335.0 |
               +--------+--------+--------+--------+--------+-----+--------+

Top non-repeatable levels by time:
     D:9: 3486 daAuts
   Orc:2: 2230 daAuts
   Sewer: 2018 daAuts
  Lair:1: 1931 daAuts
  Lair:2: 1850 daAuts
    D:11: 1658 daAuts
   Orc:1: 1645 daAuts
     D:8: 1510 daAuts
     D:3: 1457 daAuts
    D:10: 1453 daAuts
     D:6: 1351 daAuts
     D:4: 1315 daAuts
     D:2: 1203 daAuts
  Lair:3: 1178 daAuts
     D:7: 1150 daAuts
